 Dungeon Crawl Stone Soup version 0.23.0-3-gf3c87f2 (webtiles) character file.

Game seed: 1168360345387946434

23 Kairos the Skirmisher (level 2, 15/16 HPs)
             Began as a Vine Stalker Fighter on Feb 24, 2019.
             Quit the game on level 1 of the Dungeon.
             The game lasted 00:00:55 (376 turns).

Kairos the Skirmisher (Vine Stalker Fighter)         Turns: 376, Time: 00:00:56

Health: 15/16      AC:  6    Str: 16 (18) XL:     2   Next: 95%
Magic:  3/3        EV:  6    Int:  6 (8)  God:
Gold:   45         SH:  8    Dex: 12 (13) Spells: 1/1 levels left

rFire    + + .     SeeInvis .   a - +0 war axe
rCold    . . .     Gourm    .   c - +0 shield
rNeg     . . .     Faith    .   b - +0 scale mail
rPois    +         Spirit   +   (no helmet)
rElec    +         Reflect  .   (no cloak)
rCorr    +         Harm     .   (no gloves)
MR       .....                  (no boots)
Stlth    ..........             (no amulet)
HPRegen  0.05/turn              m - ring of fire
MPRegen  0.08/turn              (no ring)

@: resistant, berserk cooldown, slowed, very slow
A: fangs 2, magic shield, antimagic bite, no potion heal 3, rot immunity
a: no special abilities


You were on level 1 of the Dungeon.
You were not hungry.

You visited 1 branch of the dungeon, and saw 1 of its levels.

You collected 45 gold pieces.

Inventory:

Hand Weapons
 a - a +0 war axe (weapon)
Armour
 b - a +0 scale mail (worn)
 c - a +0 shield (worn)
Jewellery
 m - a ring of fire (left hand)
Scrolls
 k - a scroll of teleportation
Potions
 d - a potion of might
Comestibles
 f - a ration


   Skills:
 + Level 3.1 Fighting
 + Level 2.0 Axes
 + Level 2.7 Armour
 + Level 2.9 Shields


You had one spell level left.
You didn't know any spells.
Your spell library was empty.

Dungeon Overview and Level Annotations

Branches:
Dungeon (1/15)

Altars:


Innate Abilities, Weirdness & Mutations

You have extremely sharp teeth.
When hurt, damage is shared between your health and your magic reserves.
Your bite disrupts and absorbs the magic of your enemies.
Potions cannot restore your health.
You are immune to rotting.


Message History

There was something very wrong with that liquid.
You feel weakened.
You feel dopey.
You feel clumsy.
It was a potion of curing.
That felt strangely inert.
It was a potion of berserk rage.
A red film seems to cover your vision as you go berserk!
You feel yourself moving faster!
You feel mighty!
You are too berserk!
Unknown command.
You start resting.
You feel a strong urge to attack something.
You start resting.
You feel your anger nearly subside.
You are no longer berserk.
You are exhausted.
You feel yourself slow down.
You start resting.
Your magical contamination has completely faded away.
It was a potion of resistance.
You feel protected.
It was a potion of magic.
Magic courses through your body.
Are you sure you want to abandon this character and quit the game? (Confirm with "yes".)

###.....#.##....# .#
###............##.##.#
(......#....##......#
####.#....÷..#......########
##......####.........'.....#
........# #........##.....#
....##### #..##'#####.....######
...##########.#.....##..<..##....
#.........#####.@8..##(....##....
..#######.....#.....#########....
...## #####.######## ####....
....# ##.......#####....... ....#
#....†....##..).....
....##################.##..).....
....................##...........
....###############.........##...
....# ##........#####......


There were no monsters in sight!

Vanquished Creatures
  A dart slug (D:1)
  3 leopard geckos (D:1)
  A giant cockroach (D:1)
  A goblin (D:1)
  A hobgoblin (D:1)
  3 bats (D:1)
  2 frilled lizards (D:1)
  2 kobolds (D:1)
  4 rats (D:1)
18 creatures vanquished.

Notes
Turn   | Place    | Note
-------+----------+-------------------------------------------
     0 | D:1      | Kairos the Vine Stalker Fighter began the quest for the
                  | Orb.
     0 | D:1      | Reached XP level 1. HP: 11/11 MP: 2/2
   144 | D:1      | Reached XP level 2. HP: 16/16 MP: 3/3
   224 | D:1      | Reached skill level 3 in Fighting
   376 | D:1      | Quit the game

Skill      XL: |  1  2 |
---------------+-------+-----
Fighting       | 3 |  3.1
Axes           | 2 |  2.0
Armour         | |  2.7
Shields        | |  2.9

Action                   || total
-------------------------++-------
Melee: War axe           ||    42
       Bite              ||    11
  Use: Potion            ||     5
       Scroll            ||     4
Armor: Scale mail        ||    21
Dodge: Dodged            ||    14
Block: Shield            ||    23
